 Dungeon Crawl Stone Soup version 0.31-a0-370-g25055926c8 (webtiles) character file.

Game seed: 4050133782294067445

5088 Morbidden the Conjurer (level 10, -3/73 HPs)
             Began as a Formicid Conjurer on July 29, 2023.
             Was a Priest of Cheibriados.
             Slain by a six-headed hydra (13 damage)
             ... on level 2 of the Lair of Beasts.
             The game lasted 00:13:18 (11707 turns).

Morbidden the Conjurer (Formicid Conjurer)         Turns: 11707, Time: 00:13:19

Health: -3/73      AC:  5    Str: 19    XL:     10   Next: 87%
Magic:  7/20       EV: 16    Int: 31    God:    Cheibriados [***...]
Gold:   49         SH:  6    Dex: 26    Spells: 10/23 levels left

rFire   . . .        a - +1 dagger (venom)
rCold   . . .        l - +0 buckler
rNeg    . . .        N - +0 steam dragon scales
rPois   .            (helmet unavailable)
rElec   .            M - melded scarf {rC+ rF+}
rCorr   .            x - melded +0 pair of gloves {Dex+3}
SInv    +            h - melded +0 pair of boots
Will    +....        L - amulet of regeneration
Stlth   +++          F - ring of wizardry
HPRegen 1.12/turn    J - +6 ring of dexterity
MPRegen 0.17/turn

%: wizardry (x1)
@: beast-form, very slow
A: beast (slay +0), permanent stasis, dig shafts and tunnels, antennae 3, four
strong arms
a: Dig, Shaft Self, Begin Untransformation, Renounce Religion, Bend Time,
Temporal Distortion


You were on level 2 of the Lair of Beasts.
You worshipped Cheibriados.
Cheibriados was most pleased with you.
You were a hulking beast.
You visited 3 branches of the dungeon, and saw 11 of its levels.

You collected 481 gold pieces.
You spent 432 gold pieces at shops.

Inventory:

Hand Weapons
 a - a +1 dagger of venom (weapon)
 b - a +0 shortbow
 s - a +2 short sword of protection
 w - a +0 long sword
Missiles
 u - 18 poisoned darts
 D - a curare-tipped dart
 I - a throwing net
Armour
 h - a +0 pair of boots (melded)
 i - a +0 cloak
 l - a +0 buckler (worn)
 n - +0 ice dragon scales
 r - a +2 robe of resistance
 x - a +0 pair of gloves of dexterity (melded)
 M - a scarf of resistance (melded)
 N - +0 steam dragon scales (worn)
Jewellery
 F - a ring of wizardry (left hand)
 J - a +6 ring of dexterity (right hand)
 L - an amulet of regeneration (around neck)
Talismans
 Q - a beast talisman
Wands
 t - a wand of polymorph (10)
 G - a wand of flame (23)
 H - a wand of mindburst (6)
Scrolls
 c - a scroll of revelation {unknown}
 d - 2 scrolls of noise {unknown}
 f - a scroll of acquirement {unknown}
 g - a scroll of enchant weapon {unknown}
 j - 5 scrolls of teleportation {unknown}
 k - 6 scrolls of identify {unknown}
 q - 2 scrolls of enchant armour {unknown}
 v - a scroll of fog {unknown}
 y - a scroll of vulnerability {unknown}
 z - a scroll of poison {unknown}
 E - a scroll of silence {unknown}
 P - a scroll of amnesia {unknown}
Potions
 e - a potion of degeneration {unknown}
 m - 2 potions of ambrosia {unknown}
 o - 3 potions of curing {unknown}
 p - 2 potions of mutation {unknown}
 A - a potion of lignification {unknown}
 B - 2 potions of brilliance {unknown}
 C - a potion of attraction {unknown}
 K - 2 potions of enlightenment {unknown}
 O - 2 potions of heal wounds


   Skills:
 * Level 4.7 Fighting
 + Level 2.1(3.4) Short Blades
 * Level 4.2(4.5) Long Blades
 + Level 1.8 Ranged Weapons
 + Level 1.2 Armour
 * Level 5.0 Dodging
 + Level 3.9 Stealth
 + Level 3.4 Shields
 + Level 0.2 Unarmed Combat
 * Level 7.2 Spellcasting
 * Level 7.6 Conjurations
 * Level 3.2 Translocations
 * Level 3.1 Earth Magic
 * Level 4.6 Invocations
 * Level 0.1 Shapeshifting


You had 10 spell levels left.
You knew the following spells:

 Your Spells              Type           Power      Damage    Failure   Level
a - Magic Dart            Conj           100%       1d8       1%          1
b - Searing Ray           Conj           100%       2d8       1%          2
c - Leda's Unmaking       Conj/Erth      22%        9d4       32%         6
z - Iskenderun's Mystic   Conj/Tloc      44%        2d10      2%          4

Your spell library contained the following spells:

 Spells                   Type           Power      Damage    Failure   Level
 Kiss of Death            Conj/Necr      100%       2d13      1%          1
 Dazzling Flash           Conj/Hex       68%        N/A       1%          3
 Cigotuvi's Dreadful Rot  Necr/Pois/Air  22%        N/A       3%          2
 Scorch                   Fire           22%        2d5       3%          2
 Flame Wave               Conj/Fire      34%        2d10      4%          4
 Fulminant Prism          Conj/Hex       17%        3d11      4%          4
 Confusing Touch          Hex            11%        N/A       6%          3
 Ignite Poison            Fire/Tmut/Pois 11%        N/A       6%          3
 Leda's Liquefaction      Hex/Erth       10%        N/A       12%         4
 Lee's Rapid Deconstruct  Erth           15%        3d10*     16%         5
 Dispel Undead            Necr           11%        3d9       21%         4
 Freezing Cloud           Conj/Ice/Air   13%        6-21      21%         5
 Summon Cactus Giant      Summ           5%         N/A       96%         6


Dungeon Overview and Level Annotations

Branches:
Dungeon (8/15)             Temple (1/1) D:6            Lair (2/5) D:8
  Swamp: Lair:2-3    Shoals: Lair:2-3     Snake: Lair:2-3    Spider: Lair:2-3

Altars:
Ashenzari
Cheibriados
Dithmenos
Elyvilon
Fedhas
Gozag
Hepliaklqana
Kikubaaqudgha
Makhleb
Nemelex Xobeh
Okawaru
Qazlal
Ru
Sif Muna
Uskayaw
Vehumet
Wu Jian
Xom
Yredelemnul
Zin
The Shining One

Shops:
D:5 =[

Annotations:
D:3 2 runed translucent doors, Stonecrops's ghost, amateur DsGl


Innate Abilities, Weirdness & Mutations

You are a hulking beast.
Your limbs bulge with bestial killing power. (Slay +0)
You cannot be hasted, slowed, berserked, paralysed or teleported.
You can dig through walls and to a lower floor.
You have a pair of large antennae on your head. (SInv)
Your four strong arms can wield two-handed weapons with a shield.


Message History

The six-headed hydra is lightly wounded.
The mystic blast hits the polar bear.
The polar bear is moderately wounded.
The polar bear is knocked back by the mystic blast.
The polar bear slams into the rock wall!
You hear a bellow! x3
The six-headed hydra barely misses you.
The six-headed hydra bites you but does no damage.
The six-headed hydra bites you.
The six-headed hydra completely misses you.
You block the six-headed hydra's attack.
The six-headed hydra bites you.
Unknown command.
Unknown command.
Casting: Iskenderun's Mystic Blast (dangerous; 2% risk of failure)
Confirm with . or Enter, or press ? or * to list all spells.
You erupt in a blast of force!
The mystic blast hits the polar bear.
The polar bear is moderately wounded.
The polar bear is knocked back by the mystic blast.
The polar bear slams into the rock wall!
The polar bear is moderately wounded.
The mystic blast hits the six-headed hydra!
The six-headed hydra is moderately wounded.
The six-headed hydra closely misses you.
You block the six-headed hydra's attack.
The six-headed hydra bites you!
The six-headed hydra bites you but does no damage.
The six-headed hydra bites you.
You block the six-headed hydra's attack.
Aiming: Mindburst
Press: ? - help, Shift-Dir - straight line, f/p - six-headed hydra
Aim: a six-headed hydra (moderately wounded, chance to affect: 29%)
The six-headed hydra's minds are blasted!
The polar bear closely misses you. The polar bear barely misses you. x2
A yak comes into view.
The six-headed hydra bites you! x2; The six-headed hydra misses you.
The six-headed hydra bites you!
* * * LOW HITPOINT WARNING * * *
The six-headed hydra bites you!
You die...

.....#. ...
....... .. .
....... .. .?
.....P. .# ...
#......#.##P...
...............
#...Dl.......
#.hh.......
#.....PP...
##....#....
.......>..
......... .
............
..P..........
....#..P.#Y...


You could see a six-headed hydra, a polar bear, a yak and a wyvern.

Vanquished Creatures
  A two-headed ogre (D:5)
  An elephant (D:7)
  7 yaks
  A wyvern (D:8)
  2 steam dragons (D:7)
  Grum (D:8)
  A water moccasin (D:6)
  An orc warrior (D:7)
  2 black bears
  2 sky beasts
  3 wolves (D:8)
  3 phantoms
  3 centaurs
  A kobold brigand (D:8)
  A bullfrog (D:8)
  A gnoll sergeant (D:7)
  6 scorpions
  A jelly (D:4)
  3 hounds (D:4)
  2 orc priests
  A gnoll bouda (D:6)
  2 iguanas
  A sleepcap (D:6)
  Ijyb (D:3)
  3 orc wizards
  A mummy (D:4)
  Robin (D:3)
  12 gnolls
  7 adders
  A shadow imp (D:8)
  2 white imps
  An ufetubus (D:3)
  5 dart slugs
  24 orcs
  6 bats
  8 endoplasms
  A giant cockroach (D:1)
  10 goblins
  11 hobgoblins
  2 quokkas
  4 ball pythons
  3 frilled lizards
  18 kobolds
  7 rats
175 creatures vanquished.

Vanquished Creatures (others)
  A sky beast (D:7)
1 creature vanquished.

Grand Total: 176 creatures vanquished

Notes
Turn   | Place    | Note
-------+----------+-------------------------------------------
     0 | D:1      | Morbidden the Formicid Conjurer began the quest for the
                  | Orb.
     0 | D:1      | Reached XP level 1. HP: 13/13 MP: 3/3
   227 | D:1      | Reached XP level 2. HP: 15/19 MP: 0/5
   464 | D:1      | Reached XP level 3. HP: 11/24 MP: 0/6
   467 | D:1      | Learned a level 2 spell: Searing Ray
  1049 | D:2      | Found a faded altar of an unknown god.
  1403 | D:2      | Reached skill level 1 in Fighting
  1403 | D:2      | Reached XP level 4. HP: 32/32 MP: 4/8
  1942 | D:2      | Reached XP level 5. HP: 31/38 MP: 4/9
  2840 | D:3      | You fall into a shaft and drop 1 floor!
  2909 | D:4      | Reached XP level 6. HP: 8/46 MP: 4/11
  3405 | D:4      | Reached skill level 5 in Conjurations
  3727 | D:4      | Reached XP level 7. HP: 51/51 MP: 3/13
  4080 | D:4      | Found a snail-covered altar of Cheibriados.
  4167 | D:4      | Became a worshipper of Cheibriados the Contemplative
  4614 | D:3      | Noticed Robin
  4661 | D:3      | Killed Robin
  4962 | D:3      | Noticed Ijyb
  4989 | D:3      | Killed Ijyb
  5374 | D:3      | Reached * piety under Cheibriados
  5647 | D:3      | Found a large runed translucent door.
  5647 | D:3      | Found a large runed translucent door.
  5649 | D:3      | Noticed Stonecrops's ghost (amateur DsGl)
  5965 | D:5      | Entered Level 5 of the Dungeon
  5965 | D:5      | Found Karhoext's Antique Armour Emporium.
  5968 | D:5      | Bought a pair of runed gloves for 172 gold pieces
  6256 | D:5      | Reached skill level 1 in Invocations
  6256 | D:5      | Reached XP level 8. HP: 57/57 MP: 1/15
  6686 | D:5      | Learned a level 4 spell: Iskenderun's Mystic Blast
  6711 | D:5      | Found Vitworoc's Jewellery Shoppe.
  6949 | D:5      | Noticed a two-headed ogre
  6959 | D:5      | Killed a two-headed ogre
  6960 | D:5      | Reached skill level 1 in Long Blades
  6960 | D:5      | Reached skill level 1 in Shields
  6960 | D:5      | Reached skill level 5 in Spellcasting
  6960 | D:5      | Reached skill level 1 in Translocations
  7274 | D:6      | Found a staircase to the Ecumenical Temple.
  7314 | D:6      | Identified the +9 broad axe of Ulisaq {antimagic, rCorr
                  | Str+3 Stlth-}
  7326 | D:6      | Reached XP level 9. HP: 64/64 MP: 15/17
  7383 | D:6      | Reached ** piety under Cheibriados
  7662 | D:6      | Reached skill level 1 in Short Blades
  8645 | D:7      | Learned a level 6 spell: Leda's Unmaking
  8763 | D:7      | Reached *** piety under Cheibriados
  8764 | D:7      | Reached skill level 1 in Earth Magic
  9491 | D:8      | Noticed Grum
  9491 | D:8      | Found a broken altar of Ashenzari.
  9499 | D:8      | Reached XP level 10. HP: 59/72 MP: 2/20
  9784 | D:8      | Noticed an elephant
  9803 | D:7      | Killed an elephant
 10656 | D:8      | Found a staircase to the Lair.
 10953 | D:8      | Reached skill level 1 in Ranged Weapons
 10973 | D:8      | Reached skill level 1 in Armour
 11068 | D:8      | Found a burning altar of Makhleb.
 11129 | D:8      | Found an ancient bone altar of Kikubaaqudgha.
 11133 | D:8      | Found a blossoming altar of Fedhas.
 11157 | D:8      | Killed Grum
 11367 | Lair:1   | Entered Level 1 of the Lair of Beasts
 11461 | D:5      | Bought a beast talisman for 260 gold pieces
 11563 | Temple   | Entered the Ecumenical Temple
 11617 | Lair:1   | Reached skill level 5 in Dodging
 11622 | Lair:1   | Noticed a cane toad
 11627 | Lair:1   | You fall into a shaft and drop 1 floor!
 11699 | Lair:2   | Noticed a six-headed hydra
 11707 | Lair:2   | Slain by a six-headed hydra

Illustrated notes

Levels and vault maps discovered:
D:1:      dpeg_arrival_arbitrary_a, layout_rooms
D:2:      layout_loops_cross, basic_ecumenical_altar, corexii_corridor_pit,
          grunt_ministairs_12
D:3:      layout_basic, ebering_ghost_disaster_area, grunt_ministairs_9,
          uniq_robin, uniq_ijyb
D:4:      layout_gridville, chei_slow_surprise
D:5:      layout_basic, serial_shops, shop, nrook_pool_corridor,
          nicolae_stop_n_shop_2
D:6:      layout_rooms, temple_pool_b, st_stairs_10
D:7:      layout_basic
D:8:      layout_rooms, nicolae_overflow_macrodata_refinement,
          david_lair_generic, serial_bayou_pond_a, uniq_grum
Temple:   lightli_temple_of_artemis
Lair:1:   layout_gridlike
Lair:2:   layout_gridlike, minivault_23

Skill      XL: |  1  2  3  4  5  6  7  8  9 10 |
---------------+-------------------------------+-----
Conjurations   | 4 5 6 7 |  7.6
Dodging        | 2 3 4 5 |  5.0
Fighting       | 1 2 3 4 |  4.7
Spellcasting   | 3 4 5 6 7 |  7.2
Invocations    | 1 2 3 4 |  4.6
Long Blades    | 1 3 4 |  4.2
Stealth        | 3 |  3.9
Shields        | 1 2 3 |  3.4
Translocations | 1 2 3 |  3.2
Short Blades   | 1 2 |  2.1
Earth Magic    | 2 3 |  3.1
Ranged Weapons | 1 |  1.8
Armour         | 1 |  1.2
Unarmed Combat | |  0.2
Shapeshifting  | |  0.1

Action                     |  1- 3 |  4- 6 |  7- 9 | 10-12 || total
---------------------------+-------+-------+-------+-------++-------
  Melee: Dagger            |    37 |    14 |   126 |    58 ||   235
         Punch             |     1 |       |       |       ||     1
         Unarmed           |       |       |    14 |       ||    14
   Fire: Shortbow          |       |       |       |    36 ||    36
   Cast: Magic Dart        |    51 |    92 |   146 |    15 ||   304
         Searing Ray       |       |     3 |    22 |     9 ||    34
         Iskenderun's Myst |       |       |    10 |    22 ||    32
Ability: Shaft Self        |       |     1 |       |     1 ||     2
  Evoke: Wand              |       |       |       |     3 ||     3
    Use: Potion            |       |     1 |     1 |       ||     2
   Stab: Sleeping          |       |       |     1 |       ||     1
 Armour: Robe              |     5 |    10 |    22 |       ||    37
         Scale mail        |       |       |       |    32 ||    32
         Ice dragon scales |       |       |       |    15 ||    15
         Steam dragon scal |       |       |       |     4 ||     4
  Dodge: Dodged            |    26 |    31 |   101 |    67 ||   225
  Block: Buckler           |     1 |     3 |    39 |    39 ||    82
   Form: Beast             |       |       |       |     1 ||     1

Table legend: (Time is in decaauts)
 A = Elapsed time spent in this place.
 B = Non-inter-level travel time spent in this place.
 C = Inter-level travel time spent in this place.
 D = Time resting spent in this place.
 E = Time spent auto-exploring this place.
 F = Levels seen in this place.
 G = Mean time per level.
                   A        B        C        D        E       F      G
               +--------+--------+--------+--------+--------+-----+--------+
         Total |  13338 |  12528 |    810 |   2306 |   8661 |  11 | 1212.5 |
       Dungeon |  13210 |  12413 |    797 |   2237 |   8648 |   8 | 1651.2 |
        Temple |      1 |      0 |      1 |      0 |      0 |   1 |    1.0 |
          Lair |    126 |    115 |     11 |     69 |     13 |   2 |   63.0 |
               +--------+--------+--------+--------+--------+-----+--------+

Top non-repeatable levels by time:
     D:7: 2867 daAuts
     D:3: 1951 daAuts
     D:5: 1729 daAuts
     D:4: 1672 daAuts
     D:2: 1482 daAuts
     D:1: 1190 daAuts
     D:6: 1162 daAuts
     D:8: 1153 daAuts
  Lair:2: 80 daAuts
  Lair:1: 46 daAuts
  Temple: 1 daAuts
